 Dungeon Crawl Stone Soup version 0.26.1-10-gdfb7c7de75 (webtiles) character file.

Game seed: 7919454874141934558

117019 raph the Earth Mage (level 16, -5/92 HPs)
             Began as a Deep Elf Earth Elementalist on Apr 3, 2021.
             Was the Champion of Kikubaaqudgha.
             Slain by a wolf spider (13 damage)
             ... on level 1 of the Spider Nest on Apr 4, 2021.
             The game lasted 01:44:44 (41808 turns).

raph the Earth Mage (Deep Elf Earth Elementalist)  Turns: 41808, Time: 01:44:45

Health: -5/92      AC: 19    Str:  6    XL:     16   Next: 22%
Magic:  43/43      EV: 16    Int: 29    God:    Kikubaaqudgha [******]
Gold:   2207       SH:  0    Dex: 25    Spells: 2/40 levels left

rFire    + . .     SeeInvis .   a - +9 rapier (pain)
rCold    . . .     Faith    .   u - +1 buckler
rNeg     . . .     Spirit   .   D - +5 steam dragon scales
rPois    +         Reflect  +   V - +1 helmet "Rais" {Will+ MP+9 Dex+3}
rElec    .         Harm     .   G - +2 cloak
rCorr    .         Rampage  .   d - +2 pair of gloves
Will     ++...                  (no boots)
Stlth    ++++......             r - amulet "Ketihah" {Reflect rPois rF+ Int+3 SH+5}
HPRegen  0.25/turn              t - +4 ring of evasion
MPRegen  0.28/turn              o - +6 ring of dexterity

@: held
A: no striking features
a: Renounce Religion, Receive Corpses, Torment


You were on level 1 of the Spider Nest.
You worshipped Kikubaaqudgha.
Kikubaaqudgha was exalted by your worship.
You visited 6 branches of the dungeon, and saw 27 of its levels.

You collected 3315 gold pieces.
You spent 1108 gold pieces at shops.

Inventory:

Hand Weapons
 a - a +9 rapier of pain (weapon)
 w - the +0 staff of Battle
   (You acquired it on level 3 of the Shoals)
 Y - a +0 rapier
Missiles
 A - 687 stones
Armour
 d - a +2 pair of gloves (worn)
 u - a +1 buckler (worn)
 D - +5 steam dragon scales (worn)
 G - a +2 cloak (worn)
 V - the +1 helmet "Rais" (worn) {Will+ MP+9 Dex+3}
   (You acquired it on level 2 of the Lair of Beasts)

   It affects your dexterity (+3).
   It affects your willpower, your defense against some magical effects.
   It affects your magic capacity (+9).
Magical Staves
 b - an uncursed staff of death
 j - an uncursed staff of conjuration
Jewellery
 i - an uncursed ring of resist corrosion
 o - a +6 ring of dexterity (right hand)
 r - the amulet "Ketihah" (around neck) {Reflect rPois rF+ Int+3 SH+5}
   (You bought it in a shop on level 6 of the Dungeon)

   [amulet of reflection]

   It shields you and reflects attacks.
   It affects your intelligence (+3).
   It protects you from fire.
   It protects you from poison.
   It affects your SH (+5).
 t - a +4 ring of evasion (left hand)
 M - an uncursed ring of ice
 Q - an uncursed ring of ice
Wands
 c - a wand of digging (13)
 z - a wand of paralysis (10)
 L - a wand of flame (46)
 T - a wand of iceblast (27)
 W - a wand of acid (23)
 X - a wand of enslavement (8)
Scrolls
 f - 11 scrolls of teleportation
 k - a scroll of summoning
 l - 15 scrolls of remove curse
 n - a scroll of silence
 q - 10 scrolls of magic mapping
 s - 5 scrolls of immolation
 v - 8 scrolls of identify
 y - 2 scrolls of enchant weapon
 H - 2 scrolls of fog
 I - 2 scrolls of holy word
 K - a scroll of brand weapon
 R - 6 scrolls of fear
Potions
 e - 3 potions of haste
 g - 3 potions of attraction
 h - 8 potions of curing
 m - 4 potions of brilliance
 p - a potion of berserk rage
 x - 8 potions of might
 B - a potion of mutation
 C - a potion of magic
 E - a potion of ambrosia
 J - a potion of heal wounds
 Z - 3 potions of flight
Miscellaneous
 N - a phantom mirror


   Skills:
 + Level 7.7 Fighting
 * Level 11.4 Short Blades
 - Level 4.9 Armour
 + Level 11.8 Dodging
 + Level 6.3 Stealth
 - Level 4.0 Shields
 + Level 12.7 Spellcasting
 + Level 8.0 Conjurations
 + Level 14.0 Necromancy
 - Level 1.1 Transmutations
 * Level 15.6 Earth Magic


You had 2 spell levels left.
You knew the following spells:

 Your Spells              Type           Power        Failure   Level
a - Sandblast             Erth           100%         0%          1
b - Passwall              Tmut/Erth      50%          1%          2
c - Stone Arrow           Conj/Erth      100%         1%          3
d - Lee's Rapid Deconstr  Erth           41%          1%          5
e - Iron Shot             Conj/Erth      36%          3%          6
f - Pain                  Necr           100%         0%          1
g - Borgnjor's Vile Clut  Necr/Erth      40%          1%          5
h - Vampiric Draining     Necr           39%          1%          3
i - Animate Dead          Necr           39%          1%          4
j - Dispel Undead         Necr           79%          1%          4
k - Apportation           Tloc           36%          2%          1
l - Ozocubu's Armour      Ice            18%          9%          3

Your spell library contained the following spells:

 Spells                   Type           Power        Failure   Level
 Animate Skeleton         Necr           100%         0%          1
 Sublimation of Blood     Necr           39%          0%          2
 Shock                    Conj/Air       100%         1%          1
 Corona                   Hex            20%          2%          1
 Freeze                   Ice            72%          2%          1
 Sting                    Tmut/Pois      84%          2%          1
 Summon Small Mammal      Summ           72%          2%          1
 Poisonous Vapours        Pois/Air       36%          4%          2
 Swiftness                Air            18%          4%          2
 Static Discharge         Conj/Air       41%          1%          3
 Leda's Liquefaction      Hex/Erth       29%          1%          4
 Petrify                  Tmut/Erth      61%          1%          4
 Agony                    Necr           79%          1%          5
 Mephitic Cloud           Conj/Pois/Air  34%          2%          3
 Iskenderun's Battlesphe  Conj           60%          2%          5
 Bolt of Magma            Conj/Fire/Erth 29%          3%          5
 Hailstorm                Conj/Ice       41%          5%          4
 Ignite Poison            Fire/Tmut/Pois 20%          8%          3
 Frozen Ramparts          Ice            36%          9%          3
 Statue Form              Tmut/Erth      40%          14%         6
 Fireball                 Conj/Fire      20%          16%         5
 Lightning Bolt           Conj/Air       20%          16%         5
 Simulacrum               Ice/Necr       28%          24%         6
 Airstrike                Air            9%           28%         4
 Olgreb's Toxic Radiance  Pois           18%          28%         4
 Summon Ice Beast         Ice/Summ       18%          28%         4
 Summon Lightning Spire   Summ/Air       18%          28%         4
 Silence                  Hex/Air        9%           61%         5
 Conjure Ball Lightning   Conj/Air       20%          63%         6
 Starburst                Conj/Fire      20%          63%         6
 Orb of Destruction       Conj           30%          65%         7
 Spellforged Servitor     Conj/Summ      20%          99%         7
 Shatter                  Erth           41%          99%         9
 Ignition                 Fire           9%           100%        8
 Tornado                  Air            9%           100%        9


Dungeon Overview and Level Annotations

Branches:
Dungeon (13/15)            Temple (1/1) D:4            Lair (6/6) D:9
 Shoals (3/4) Lair:2       Spider (2/4) Lair:4        Slime (0/5) Lair:5
    Orc (2/2) D:12            Elf (0/3) Orc:2
 Vaults: D:13-14

Altars:
Ashenzari
Cheibriados
Dithmenos
Elyvilon
Fedhas
Gozag
Hepliaklqana
Kikubaaqudgha
Makhleb
Nemelex Xobeh
Okawaru
Qazlal
Ru
Sif Muna
Trog
Uskayaw
Vehumet
Wu Jian
Xom
Yredelemnul
Zin
The Shining One
Beogh

Shops:
D:6 ?}=   D:8 *   Orc:1 [   Orc:2 ?*([

Annotations:
D:9 2 runed translucent doors, Jaiteiro's ghost, journeyman VSFi
Lair:3 1 runed translucent door, Sadonosm's ghost, journeyman DgSk


Message History

You feel much better. The wolf spider barely misses you.
The wolf spider bites you but does no damage.
The tarantella bites you!
* * * LOW HITPOINT WARNING * * *
You are confused.
The jumping spider pounces on you.
* * * LOW HITPOINT WARNING * * *
The jumping spider misses you. The redback bites you!
* * * LOW HITPOINT WARNING * * *
The wolf spider hits you!
* * * LOW HITPOINT WARNING * * *
The wolf spider misses you.
The wolf spider hits you but does no damage.
The wolf spider barely misses you. The tarantella barely misses you.
You are too confused!
You feel better. The jumping spider pounces on you.
* * * LOW HITPOINT WARNING * * *
The jumping spider misses you. The wolf spider hits you!
You die...
Kikubaaqudgha rasps: "You have failed me!
Welcome... death!"

...#..##...........#
..###..##.........##
.###...###......######
## ##....##.....#....# #
#......##........##
#.....^.#.........##
#.......#..........#
######.......sss....#
##....#.......s@.#..##
#.............#s#####
##.^..........####
#.............###
##[.............####
................#..###
#..............##....###
#..##..#...#..####.....#
.^.#.......####.##....##


You could see 2 wolf spiders, a jumping spider, a tarantella and a redback.

Vanquished Creatures
  Frances (Shoals:2)
  Polyphemus (Shoals:2)
  A frost giant (Shoals:1)
  An entropy weaver (Spider:1)
  Nessos (Orc:2)
  Snorg (Orc:2)
  2 merfolk javelineers (Shoals:2)
  An ettin (Orc:1)
  2 merfolk impalers (Shoals:3)
  3 ice dragons
  Erolcha (Orc:1)
  4 boulder beetles
  2 alligator snapping turtles (Shoals:2)
  9 hydras
  4 merfolk avatars
  3 catoblepae
  A death knight (D:11)
  3 two-headed ogres
  9 death yaks
  Urug (D:11)
  Sonja (Lair:6)
  7 sea snakes
  10 harpies
  A deep elf mage (D:11)
  2 lindwurms (Lair:6)
  5 orc sorcerers (Orc:2)
  7 wolf spiders
  12 manticores
  13 fauns
  An orb spider (Spider:1)
  12 cyclopes
  2 ugly things (D:12)
  15 elephants
  3 black mambas
  6 merfolk sirens
  Maurice (D:9)
  4 water nymphs
  3 cane toads
  6 torpor snails
  Maggie (D:6)
  3 rime drakes
  A kobold demonologist (D:11)
  8 komodo dragons
  3 polar bears (Lair:6)
  5 trolls
  4 jumping spiders (Spider:1)
  7 hornets (Lair:6)
  16 merfolk
  A wind drake (shapeshifter) (D:11)
  4 slime creatures
  3 tyrant leeches (Lair:6)
  6 snapping turtles
  5 wind drakes
  Prince Ribbit (D:9)
  7 dream sheep
  7 blink frogs
  10 redbacks
  A shadow (D:11)
  Sigmund (D:2)
  5 tarantellas (Spider:1)
  28 yaks
  4 water elementals
  2 wraiths
  4 wyverns
  4 basilisks
  13 wargs
  A soldier ant (D:10)
  13 water moccasins
  9 orc warriors
  A hornet zombie (D:7)
  A sky beast (D:7)
  A black bear (D:6)
  2 necrophages (D:12)
  4 phantoms
  An ice beast (D:7)
  9 ogres
  3 wolves (Lair:5)
  11 centaurs
  2 big kobolds
  12 bullfrogs
  2 scorpions
  10 killer bees
  15 wights
  A quasit (D:5)
  3 bullfrog zombies
  4 hounds
  14 orc priests
  6 jellies
  43 orc wizards
  Crazy Yiuf (D:2)
  2 bullfrog skeletons
  Natasha (D:2)
  An iguana (D:10)
  5 worker ants
  A hound zombie (D:8)
  8 gnolls
  2 worker ant zombies
  10 adders
  2 river rats (D:9)
  A shadow imp (D:10)
  4 white imps
  An ufetubus (D:9)
  An ooze (D:4)
  2 adder zombies
  4 worms
  2 dart slugs (D:2)
  10 leopard geckos
  91 orcs
  7 giant cockroaches
  6 goblins
  8 hobgoblins
  4 jackals (D:2)
  9 quokkas
  2 ball pythons
  9 bats
  A frilled lizard (D:1)
  A jackal skeleton (D:4)
  21 kobolds
  A leopard gecko skeleton (D:4)
  A quokka skeleton (D:7)
  A quokka zombie (D:5)
  8 rats
  A bush (Shoals:1)
713 creatures vanquished.

Vanquished Creatures (collateral kills)
  A sea snake (Shoals:2)
  An elephant (Lair:4)
  A torpor snail (Lair:6)
  A merfolk (Shoals:2)
  A blink frog (Lair:2)
  A water elemental (Shoals:1)
  A yak (Lair:6)
  An ogre (D:10)
  2 orc wizards (Orc:2)
  An orc priest (Orc:2)
  2 orcs (Orc:2)
  A quokka (D:9)
14 creatures vanquished.

Vanquished Creatures (others)
  5 bushes (Shoals:1)
  52 fungi
  147 plants
204 creatures vanquished.

Grand Total: 931 creatures vanquished

Notes
Turn   | Place    | Note
-------+----------+-------------------------------------------
     0 | D:1      | raph the Deep Elf Earth Elementalist began the quest for
                  | the Orb.
     0 | D:1      | Reached XP level 1. HP: 10/10 MP: 6/6
   165 | D:1      | Reached XP level 2. HP: 10/15 MP: 5/8
   621 | D:1      | Reached XP level 3. HP: 19/19 MP: 6/10
   625 | D:1      | Learned a level 2 spell: Passwall
   629 | D:1      | Learned a level 3 spell: Stone Arrow
   979 | D:2      | Found a runed translucent door.
   980 | D:2      | Noticed Crazy Yiuf
   989 | D:2      | Killed Crazy Yiuf
   990 | D:2      | Reached XP level 4. HP: 20/24 MP: 3/12
  1108 | D:2      | Reached skill level 4 in Earth Magic
  1473 | D:2      | Noticed Sigmund
  2045 | D:3      | Reached XP level 5. HP: 28/28 MP: 10/13
  2076 | D:3      | Learned a level 5 spell: Lee's Rapid Deconstruction
  2308 | D:3      | Reached skill level 5 in Earth Magic
  2955 | D:4      | Found a staircase to the Ecumenical Temple.
  2959 | Temple   | Entered the Ecumenical Temple
  3122 | Temple   | Became a worshipper of Kikubaaqudgha
  3156 | D:4      | Reached XP level 6. HP: 27/32 MP: 2/14
  3511 | D:4      | Reached skill level 6 in Earth Magic
  3783 | D:4      | Reached * piety under Kikubaaqudgha
  3783 | D:4      | Identified Kikubaaqudgha's Handbook of Evil (Kikubaaqudgha
                  | gifted it to you on level 4 of the Dungeon)
  3783 | D:4      | Received a gift from Kikubaaqudgha
  3895 | D:4      | Learned a level 1 spell: Animate Skeleton
  3897 | D:4      | Learned a level 1 spell: Pain
  3943 | D:4      | Reached skill level 7 in Earth Magic
  4152 | D:4      | Reached XP level 7. HP: 36/36 MP: 11/15
  4406 | D:2      | Killed Sigmund
  4407 | D:2      | Reached skill level 8 in Earth Magic
  4496 | D:2      | Noticed Natasha
  4498 | D:2      | Killed Natasha
  5188 | D:5      | Entered Level 5 of the Dungeon
  5292 | D:5      | Reached skill level 9 in Earth Magic
  5367 | D:5      | Got a wizard robe
  5381 | D:5      | Identified the +1 robe of Fun {Str+4} (You found it on
                  | level 5 of the Dungeon)
  5537 | D:5      | Reached XP level 8. HP: 41/41 MP: 5/16
  5803 | D:5      | Reached ** piety under Kikubaaqudgha
  6266 | D:6      | Reached skill level 1 in Armour
  6542 | D:6      | Found Ynolur's Jewellery Shoppe.
  6558 | D:6      | Reached skill level 10 in Earth Magic
  6686 | D:6      | Noticed Maggie
  7060 | D:6      | Found Healoh's Gadget Shoppe.
  7150 | D:6      | Killed Maggie
  7414 | D:6      | Found Xafegaed's Magic Scroll Shoppe.
  7426 | D:6      | Bought a scroll of blinking for 105 gold pieces
  7426 | D:6      | Bought a scroll of enchant armour for 105 gold pieces
  7473 | D:6      | Found a shadowy altar of Dithmenos.
  7663 | D:7      | Reached XP level 9. HP: 35/45 MP: 11/17
  8231 | D:7      | Reached skill level 1 in Fighting
  8231 | D:7      | Reached skill level 5 in Spellcasting
  8643 | D:7      | Reached skill level 5 in Stealth
  8789 | D:7      | Reached skill level 11 in Earth Magic
  8790 | D:7      | Reached skill level 5 in Necromancy
  8888 | D:7      | Reached *** piety under Kikubaaqudgha
  8888 | D:7      | Identified Kikubaaqudgha's Almanac of Darkness
                  | (Kikubaaqudgha gifted it to you on level 7 of the Dungeon)
  8888 | D:7      | Received a gift from Kikubaaqudgha
  8930 | D:7      | Learned a level 5 spell: Borgnjor's Vile Clutch
  9122 | D:7      | Found a sparkling altar of Nemelex Xobeh.
  9122 | D:7      | Found a radiant altar of Vehumet.
  9122 | D:7      | Found a hide-covered altar of Uskayaw.
  9122 | D:7      | Found a basalt altar of Yredelemnul.
  9326 | D:8      | Reached skill level 5 in Dodging
 10635 | D:8      | Found Hopsell's General Store.
 10762 | D:9      | Noticed Maurice
 10765 | D:9      | Killed Maurice
 10766 | D:9      | Reached XP level 10. HP: 54/54 MP: 6/20
 11147 | D:9      | Found a runed translucent door.
 11318 | D:9      | Noticed Prince Ribbit
 11321 | D:9      | Noticed a death yak
 11321 | D:9      | Noticed a death yak
 11348 | D:9      | Noticed Jaiteiro's ghost (journeyman VSFi)
 11371 | D:9      | Reached **** piety under Kikubaaqudgha
 11448 | D:9      | Killed Prince Ribbit
 11803 | D:9      | Noticed a death yak
 11806 | D:9      | Killed a death yak
 11818 | D:9      | Killed a death yak
 11855 | D:9      | Found a runed translucent door.
 12053 | D:9      | Found a staircase to the Lair.
 12214 | D:9      | Found a burning altar of Makhleb.
 12214 | D:9      | Noticed a sixfirhy
 12318 | Lair:1   | Entered Level 1 of the Lair of Beasts
 12679 | Lair:1   | Learned a level 3 spell: Vampiric Draining
 13041 | Lair:1   | Noticed a seven-headed hydra
 13049 | Lair:1   | Killed a seven-headed hydra
 13176 | Lair:1   | Reached XP level 11. HP: 61/61 MP: 8/23
 13764 | Lair:1   | Noticed a four-headed hydra
 13771 | Lair:1   | Killed a four-headed hydra
 13772 | Lair:1   | Reached skill level 12 in Earth Magic
 14066 | Lair:2   | Found a staircase to the Shoals.
 14260 | Lair:2   | Reached skill level 10 in Necromancy
 14315 | Lair:2   | Reached ***** piety under Kikubaaqudgha
 15264 | Lair:2   | Identified a scroll of acquirement
 15264 | Lair:2   | Acquired the +1 helmet "Rais" {Will+ MP+9 Dex+3}
 15451 | Lair:3   | Noticed a six-headed hydra
 15457 | Lair:3   | Killed a six-headed hydra
 15458 | Lair:3   | Reached skill level 5 in Fighting
 15589 | Lair:3   | Found a runed translucent door.
 15590 | Lair:3   | Noticed Sadonosm's ghost (journeyman DgSk)
 16013 | Lair:3   | Noticed a seven-headed hydra
 16021 | Lair:3   | Killed a seven-headed hydra
 16638 | Lair:4   | Noticed an eight-headed hydra
 16644 | Lair:4   | Killed an eight-headed hydra
 16645 | Lair:4   | Noticed a seven-headed hydra
 16650 | Lair:4   | Killed a seven-headed hydra
 16651 | Lair:4   | Reached XP level 12. HP: 68/68 MP: 0/26
 17051 | Lair:4   | Noticed a five-headed hydra
 17064 | Lair:4   | Killed a five-headed hydra
 17352 | Lair:4   | Reached skill level 1 in Short Blades
 17880 | Lair:4   | Found a hole to the Spider Nest.
 18268 | Lair:5   | Noticed a catoblepas
 18353 | Lair:4   | Learned a level 4 spell: Animate Dead
 18358 | Lair:4   | Learned a level 4 spell: Dispel Undead
 18671 | Lair:5   | Killed a catoblepas
 18953 | Lair:5   | Found a staircase to the Slime Pits.
 18987 | Lair:5   | Reached skill level 13 in Earth Magic
 19051 | Lair:5   | Noticed a catoblepas
 19058 | Lair:5   | Killed a catoblepas
 19830 | D:10     | Entered Level 10 of the Dungeon
 21178 | D:11     | Reached skill level 5 in Short Blades
 21572 | D:11     | Noticed Urug
 21577 | D:11     | Killed Urug
 21908 | D:11     | Reached skill level 10 in Dodging
 22065 | D:11     | Noticed a boulder beetle
 22358 | D:11     | Reached XP level 13. HP: 62/75 MP: 21/28
 22630 | D:11     | Learned a level 4 spell: Dispel Undead
 24233 | D:12     | Reached ****** piety under Kikubaaqudgha
 24436 | D:12     | Identified a +9 rapier of pain (a +9 rapier of holy wrath
                  | bloodied by Kikubaaqudgha)
 24436 | D:12     | Received a gift from Kikubaaqudgha
 24688 | D:12     | Found a staircase to the Orcish Mines.
 24689 | D:12     | You fall into a shaft and drop 1 floor!
 25292 | D:12     | Reached skill level 10 in Spellcasting
 25303 | D:12     | Identified the cursed +0 war axe "Liwkoeh" {freeze, rN+
                  | Will++ Int+6}
 25922 | Orc:1    | Entered Level 1 of the Orcish Mines
 26014 | Orc:1    | Found Ulekhy's Armour Boutique.
 26044 | Orc:1    | Noticed Erolcha
 26051 | Orc:1    | Killed Erolcha
 26057 | Orc:1    | Noticed an ettin
 26080 | Orc:1    | Killed an ettin
 26284 | Orc:1    | Found a roughly hewn altar of Beogh.
 26405 | Orc:1    | Found a shimmering blue altar of Sif Muna.
 26497 | Orc:1    | Learned a level 1 spell: Apportation
 26501 | Orc:1    | Identified Sif Muna's Almanac of Transmigration
 26906 | D:6      | Bought the amulet "Ketihah" {Reflect rPois rF+ Int+3 SH+5}
                  | for 654 gold pieces
 27130 | Orc:2    | Entered Level 2 of the Orcish Mines
 27326 | Orc:2    | Found a staircase to the Elven Halls.
 27522 | Orc:2    | Found a bloodstained altar of Trog.
 28116 | Orc:2    | Found a bloodstained altar of Trog.
 28128 | Orc:2    | Found a roughly hewn altar of Beogh.
 28234 | Orc:2    | Noticed Snorg
 28241 | Orc:2    | Killed Snorg
 28270 | Orc:2    | Noticed Nessos
 28276 | Orc:2    | Killed Nessos
 28566 | Orc:2    | Found Jeuryrph's Assorted Antiques.
 28566 | Orc:2    | Found Ebu Boy's Magic Scroll Shoppe.
 28581 | Orc:2    | Bought a scroll of enchant armour for 105 gold pieces
 28653 | Orc:2    | Found Kasaor's Armour Boutique.
 28653 | Orc:2    | Found Abuxal's Weapon Shoppe.
 29143 | Orc:1    | Found a roughly hewn altar of Beogh.
 29556 | Lair:6   | Entered Level 6 of the Lair of Beasts
 29592 | Lair:6   | Reached XP level 14. HP: 82/82 MP: 21/30
 29831 | Lair:6   | Reached skill level 1 in Conjurations
 30137 | Lair:6   | Noticed Sonja
 30150 | Lair:6   | Killed Sonja
 30324 | Lair:6   | Reached skill level 14 in Earth Magic
 30994 | Lair:6   | Learned a level 6 spell: Iron Shot
 31115 | Lair:6   | Found a runed translucent door.
 31515 | Orc:2    | Bought a buckler for 139 gold pieces
 32080 | Lair:6   | Reached skill level 1 in Shields
 32472 | Shoals:1 | Entered Level 1 of the Shoals
 32830 | Shoals:1 | You fall into a shaft and drop 1 floor!
 32831 | Shoals:2 | Noticed Polyphemus
 33083 | Shoals:1 | Noticed a frost giant
 33097 | Shoals:1 | Killed a frost giant
 33414 | Shoals:1 | Reached skill level 5 in Conjurations
 33518 | Shoals:1 | Reached XP level 15. HP: 86/86 MP: 27/32
 34429 | Shoals:1 | Reached skill level 10 in Short Blades
 35937 | Shoals:2 | Noticed Frances
 36644 | Shoals:2 | Reached skill level 15 in Earth Magic
 36684 | Shoals:2 | Killed Polyphemus
 36836 | Shoals:2 | Killed Frances
 39347 | Shoals:3 | Acquired the +0 staff of Battle
 39348 | Shoals:3 | Found the +0 staff of Battle
 39591 | Shoals:3 | Reached XP level 16. HP: 88/92 MP: 24/34
 40255 | Spider:1 | Entered Level 1 of the Spider Nest
 41036 | Spider:1 | Learned a level 3 spell: Ozocubu's Armour
 41807 | Spider:1 | HP: 4/92 [wolf spider (13)]
 41808 | Spider:1 | Slain by a wolf spider

Illustrated notes

Levels and vault maps discovered:
D:1:      denvon_arrival_planthouse, layout_rooms
D:2:      layout_basic, nrook_uturn, uniq_crazy_yiuf_cottage, uniq_sigmund,
          uniq_natasha
D:3:      layout_rooms, minivault_11
D:4:      corexii_shack_village, layout_basic, minmay_temple_entry_trees
D:5:      layout_cave_pools
D:6:      layout_rooms, nicolae_overflow_hidden_temple, serial_shops,
          nicolae_shop_waterfront, shop_statue, nicolae_shop_trees,
          minmay_starry_boxes, uniq_maggie
D:7:      layout_loops_ring, grunt_temple_overflow_cloverleaf,
          hangedman_abyss_or_decor_passed
D:8:      layout_basic, serial_shops, nicolae_shop_stone
D:9:      layout_big_octagon, nzn_makhleb_speed_demon, dpeg_lair_monsters,
          ebering_ghost_reflecting_pool, minmay_misc_feat_ornament,
          uniq_maurice, uniq_prince_ribbit1
D:10:     layout_cave_pods, grunt_ogre_cave
D:11:     minmay_the_grid_triangle_9x9_recursive_3
          [minmay_the_grid_triangle_9x9_sparse_checkered,
          minmay_the_grid_triangle_9x9_wacky_v,
          minmay_the_grid_triangle_9x9_limited_checkers,
          minmay_the_grid_triangle_9x9_prize_top_heavy,
          minmay_the_grid_triangle_9x9_windchime,
          minmay_the_grid_triangle_9x9_steps,
          minmay_the_grid_triangle_9x9_empty,
          minmay_the_grid_triangle_9x9_alien,
          minmay_the_grid_triangle_9x9_corruption], layout_basic, uniq_urug
D:12:     layout_basic, minmay_orc_entry_guard_dogs
D:13:     layout_roguey, serial_shops, shop, minmay_fountain_box
Temple:   nicolae_temple_x_marks_the_god
Lair:1:   layout_roguey, eino_small_chamber_without_monster
Lair:2:   layout_hall_layers, elwin_shoals_entry_stream,
          chequers_serial_rivers_small_a
Lair:3:   layout_small_grid, ebering_ghost_reflecting_pool
Lair:4:   layout_loops_ring, spider_nest_entry_web_field, serial_rivers,
          chequers_serial_rivers_small_a, chequers_serial_rivers_micro_b,
          chequers_serial_rivers_micro_c, chequers_serial_rivers_small_3,
          serial_bayou_lagoon_a, grunt_megastairs_3, infiniplex_staircase_pool
Lair:5:   layout_small_grid, minmay_slime_entry_pillars,
          chequers_serial_rivers_micro_a
Lair:6:   wormcave, layout_cave_pods, st_stairs_4, cheibrodos_lair_lostbears,
          uniq_sonja
Shoals:1: argonaut_golden_fleece, layout_shoals, st_shoals_ruin
Shoals:2: layout_shoals, uniq_polyphemus, uniq_frances
Shoals:3: layout_shoals, nicolae_shoals_cliffside_cave
Spider:1: layout_spider_delve
Spider:2: layout_spider_delve
Orc:1:    nicolae_orc_accident_2, layout_diamond_mine, serial_shops, shop,
          basic_altar, led_sif_book, uniq_erolcha
Orc:2:    st_orc_town, layout_diamond_mine, basic_altar, bloody_trog,
          uniq_nessos, uniq_snorg

Skill      XL: |  1  2  3  4  5  6  7  8  9 10 11 12 13 14 15 16 |
---------------+-------------------------------------------------+-----
Stealth        | 3 4 5 6 |  6.3
Dodging        | 3 5 7 8 10 11 | 11.8
Spellcasting   | 4 5 7 8 9 10 11 12 | 12.7
Earth Magic    | 4 5 7 9 10 11 12 13 14 15 | 15.6
Armour         | 3 4 |  4.9
Necromancy     | 3 6 9 11 12 13 14 | 14.0
Fighting       | 2 4 5 6 7 |  7.7
Short Blades   | 5 8 9 11 | 11.4
Conjurations   | 5 7 8 |  8.0
Shields        | 2 4 |  4.0
Transmutations | |  1.1

Action                   |  1- 3 |  4- 6 |  7- 9 | 10-12 | 13-15 | 16-18 || total
-------------------------+-------+-------+-------+-------+-------+-------++-------
Melee: Short sword       |     1 |    20 |    43 |    43 |       |       ||   107
       Staff             |       |       |       |     4 |    15 |       ||    19
       Rapier            |       |       |       |    63 |   386 |    45 ||   494
 Fire: Shortbow          |       |       |    36 |       |       |       ||    36
 Cast: Sandblast         |    40 |   118 |    32 |    29 |    12 |       ||   231
       Stone Arrow       |       |     3 |    53 |    48 |    26 |       ||   130
       Passwall          |       |     2 |     1 |     1 |     3 |       ||     7
       Pain              |       |     5 |     3 |       |       |       ||     8
       Lee's Rapid Decon |       |       |    46 |    97 |   156 |    17 ||   316
       Borgnjor's Vile C |       |       |     3 |    79 |   194 |    13 ||   289
       Animate Skeleton  |       |       |       |    17 |     1 |       ||    18
       Animate Dead      |       |       |       |     1 |    15 |     1 ||    17
       Vampiric Draining |       |       |       |     1 |    21 |     1 ||    23
       Dispel Undead     |       |       |       |       |     7 |       ||     7
       Apportation       |       |       |       |       |    11 |     3 ||    14
       Iron Shot         |       |       |       |       |    19 |    16 ||    35
       Ozocubu's Armour  |       |       |       |       |       |     1 ||     1
Invok: Brand Weapon With |       |       |       |       |     1 |       ||     1
       Receive Corpses   |       |       |       |       |     1 |       ||     1
Evoke: Wand              |       |       |       |     2 |     1 |       ||     3
  Use: Scroll            |       |    12 |     7 |    16 |    18 |     3 ||    56
       Potion            |       |       |       |     1 |     3 |     3 ||     7
 Stab: Sleeping          |       |     1 |     2 |       |     6 |       ||     9
       Distracted        |       |       |       |     2 |     4 |       ||     6
Armor: Robe              |     4 |     7 |       |       |       |       ||    11
       Leather armour    |       |     7 |     3 |       |       |       ||    10
       Steam dragon scal |       |       |     8 |    52 |    73 |    33 ||   166
Dodge: Dodged            |    17 |    51 |    84 |   275 |   405 |   124 ||   956
Block: Other             |       |       |       |       |    28 |       ||    28
       Reflection        |       |       |       |       |    33 |     1 ||    34
       Buckler           |       |       |       |       |   127 |    65 ||   192
